 Dungeon Crawl Stone Soup version 0.27.1-35-g4d5d836560 (webtiles) character file.

Game seed: 9905945152690491513

396 CrazyMind the Digger (level 6, 0/36 HPs)
             Began as an Octopode Earth Elementalist on July 9, 2022.
             Was an Initiate of Vehumet.
             Succumbed to a water moccasin's poison
             ... on level 4 of the Dungeon.
             The game lasted 00:13:16 (3634 turns).

CrazyMind the Digger (Octopode Earth Elementalist)  Turns: 3634, Time: 00:13:16

Health: 0/36       AC:  1    Str:  8    XL:     6   Next: 83%
Magic:  6/11       EV: 10    Int: 19    God:    Vehumet [......]
Gold:   154        SH:  0    Dex: 12    Spells: 6/12 levels left

rFire    . . .     SeeInvis .   e - +0 dagger
rCold    . . .     Faith    .   (no shield)
rNeg     . . .     Spirit   .   (helmet restricted)
rPois    .         Reflect  .   (no amulet)
rElec    .         Harm     .   l - ring of resist corrosion
rCorr    +         Rampage  .   (no ring)
Will     .....                  (no ring)
Stlth    ++++......             (no ring)
HPRegen  0.12/turn              (no ring)
MPRegen  0.12/turn              (no ring)
                                (no ring)
                                (no ring)

@: lethally poisoned (0 -> -8), attractive, hasted, constricted, very quick
A: almost no armour, amphibious, 8 rings, camouflage 1, gelatinous body 1,
(nimble swimmer 1), tentacles
a: Renounce Religion


You were on level 4 of the Dungeon.
You worshipped Vehumet.
Vehumet was noncommittal.
You visited 2 branches of the dungeon, and saw 7 of its levels.

You collected 271 gold pieces.
You spent 117 gold pieces at shops.

Inventory:

Hand Weapons
 e - a +0 dagger (weapon)
Missiles
 b - 52 stones
 d - 25 poisoned darts
 j - 5 javelins
 k - 3 boomerangs
Jewellery
 l - a ring of resist corrosion (left tentacle)
Scrolls
 a - 2 scrolls of identify
Potions
 c - 2 potions of attraction
 i - 2 potions of might


   Skills:
 + Level 0.3 Fighting
 + Level 2.3 Dodging
 + Level 4.4 Stealth
 * Level 3.9 Spellcasting
 * Level 1.5 Conjurations
 - Level 1.0 Transmutations
 * Level 5.3 Earth Magic


You had 6 spell levels left.
You knew the following spells:

 Your Spells              Type           Power      Damage    Failure   Level
a - Sandblast             Erth           48%        2d12      1%          1
b - Passwall              Tmut/Erth      12%        N/A       6%          2
c - Stone Arrow           Conj/Erth      32%        3d9       11%         3

Your spell library contained the following spells:

 Spells                   Type           Power      Damage    Failure   Level
 Petrify                  Tmut/Erth      15%        N/A       36%         4


Dungeon Overview and Level Annotations

Branches:
Dungeon (6/15)             Temple (1/1) D:6

Altars:
Ashenzari
Elyvilon
Fedhas
Hepliaklqana
Makhleb
Nemelex Xobeh
Qazlal
Ru
Trog
Uskayaw
Vehumet
Wu Jian
Xom
Zin
Beogh

Shops:
D:1 !   D:3 :[=


Innate Abilities, Weirdness & Mutations

You cannot wear most types of armour.
You are amphibious.
You can wear up to eight rings at the same time.
Your skin changes colour to match your surroundings (Stealth+).
Your rubbery body absorbs attacks. (AC +1, EV +1)
((You are camouflaged near water. (Stealth+)))
You have tentacles for arms and can constrict up to eight enemies at once.


Message History

You are poisoned.
The water moccasin poisons you! The water moccasin bites you.
Casting: Sandblast (safe; 1% risk of failure)
Confirm with . or Enter, or press ? or * to list all spells.
Aiming: Sandblast (safe; 1% risk of failure)
Press: ? - help, Shift-Dir - straight line, f/p - water moccasin
Aim: a water moccasin (heavily wounded, 68% to hit)
The blast of sand hits the water moccasin!
The water moccasin is severely wounded.
You feel very sick. The water moccasin barely misses you.
Casting: Sandblast (safe; 1% risk of failure)
Confirm with . or Enter, or press ? or * to list all spells.
Aiming: Sandblast (safe; 1% risk of failure)
Press: ? - help, Shift-Dir - straight line, f/p - water moccasin
Aim: a water moccasin (severely wounded, 68% to hit)
The blast of sand hits the water moccasin!
You kill the water moccasin!
Vehumet accepts your kill.
* * * LOW HITPOINT WARNING * * *
You feel very sick. The ball python bites you.
* * * LOW HITPOINT WARNING * * *
The ball python grabs you. The ball python constricts you.
* * * LOW HITPOINT WARNING * * *
You are lethally poisoned (6 -> -5).
You have 6 tentacles available for constriction.
You are being held by a ball python.
Your movement speed is average.
Your attack delay is about 1.0.
It was a potion of attraction.
You feel attractive to monsters.
* * * LOW HITPOINT WARNING * * *
You feel very sick.
The ball python bites you but does no damage.
The ball python constricts you.
* * * LOW HITPOINT WARNING * * *
You are lethally poisoned (2 -> -6).
You attract monsters toward you.
You have 6 tentacles available for constriction.
You are being held by a ball python.
Your movement speed is average.
Your attack delay is about 1.0.
It was a potion of haste.
You feel yourself speed up.
You die...

# ########### #
#.........# #
#.........# #
#.........######
#
#...........@S.#
#
#.........####.#
# #####.#####
#...# # #..#
#.#(.# ## ##..#
#S #... .###
##...# .S ####
...# #..#.# #..
...###.##.# ...
.......##.#..
....


You could see a ball python.

Vanquished Creatures
  A water moccasin (D:4)
  A water moccasin skeleton (D:4)
  A centaur zombie (D:6)
  A hound (D:6)
  An iguana (D:4)
  4 gnolls (D:6)
  7 adders
  2 dart slugs
  An orc (D:4)
  7 ball pythons
  2 endoplasms (D:1)
  2 giant cockroaches (D:1)
  4 goblins
  6 hobgoblins
  5 kobolds
  3 quokkas
  A bat (D:1)
  5 frilled lizards
  5 rats
59 creatures vanquished.

Notes
Turn   | Place    | Note
-------+----------+-------------------------------------------
     0 | D:1      | CrazyMind the Octopode Earth Elementalist began the quest
                  | for the Orb.
     0 | D:1      | Reached XP level 1. HP: 11/11 MP: 3/3
   194 | D:1      | Reached XP level 2. HP: 8/17 MP: 5/5
   197 | D:1      | Learned a level 2 spell: Passwall
   931 | D:1      | Found Waonaitu's Distillery.
  1030 | D:1      | Bought a potion of curing for 39 gold pieces
  1039 | D:1      | Bought a potion of heal wounds for 65 gold pieces
  1039 | D:1      | Bought a potion of degeneration for 13 gold pieces
  1077 | D:1      | Reached XP level 3. HP: 21/21 MP: 6/6
  1115 | D:1      | Found a faded altar of an unknown god.
  1217 | D:2      | Learned a level 3 spell: Stone Arrow
  1255 | D:2      | Reached skill level 4 in Earth Magic
  1482 | D:2      | Reached XP level 4. HP: 27/27 MP: 7/7
  1981 | D:3      | Found Pean's Jewellery Shop.
  2145 | D:3      | Found Ecwudgh's Antique Armour Boutique.
  2148 | D:3      | Found Exogaa's Book Shop.
  2629 | D:3      | You fall into a shaft and drop 3 floors!
  2736 | D:6      | Noticed a black bear
  2750 | D:6      | Reached XP level 5. HP: 26/31 MP: 5/9
  2825 | D:6      | Noticed an orc warrior
  2905 | D:6      | Noticed a steam dragon
  2941 | D:6      | Noticed an ice beast
  2954 | D:6      | Found a staircase to the Ecumenical Temple.
  2960 | Temple   | Entered the Ecumenical Temple
  3195 | Temple   | Became a worshipper of Vehumet
  3248 | D:5      | Entered Level 5 of the Dungeon
  3275 | D:4      | Found a burning altar of Makhleb.
  3286 | D:4      | Reached skill level 1 in Conjurations
  3286 | D:4      | Reached skill level 5 in Earth Magic
  3286 | D:4      | Reached XP level 6. HP: 36/36 MP: 3/10
  3616 | D:4      | Noticed a water moccasin
  3632 | D:4      | Killed a water moccasin
  3634 | D:4      | Succumbed to a water moccasin's poison

Illustrated notes

Levels and vault maps discovered:
D:1:      amcnicky_arrival_single_pillar, layout_basic, serial_shops,
          shop_coins, hellmonk_ecumenical_altar_defaced_shrine,
          minmay_hedge_maze
D:2:      layout_loops_ring
D:3:      layout_rooms, serial_shops, shop, shop_statue, nicolae_shop_crystal,
          nicolae_shop_stone, shop, uniq_robin
D:4:      layout_rooms, mainiacjoe_overflow_concentric_impassable,
          gup_ossuary_entry_pyramid, serial_corexii_hall,
          corexii_hall_statues_l, corexii_hall_statues_i,
          minmay_manual_monstrance
D:5:      layout_cave_pods, grunt_gozag_breadcrumbs
D:6:      layout_loops_corners, minmay_temple_entry_mini_moons, kb_rosetta
Temple:   nicolae_temple_figure_eight

Skill      XL: |  1  2  3  4  5 |
---------------+----------------+-----
Earth Magic    | 4 5 |  5.3
Stealth        | 3 4 |  4.4
Spellcasting   | 3 |  3.9
Conjurations   | 1 |  1.5
Fighting       | |  0.3
Dodging        | |  2.3
Transmutations | |  1.0

Action                   |  1- 3 |  4- 6 || total
-------------------------+-------+-------++-------
Melee: Unarmed           |     9 |       ||     9
       Dagger            |    41 |    44 ||    85
       Constrict         |    13 |    12 ||    25
       Tentacles         |     5 |     8 ||    13
 Cast: Sandblast         |    14 |    31 ||    45
  Use: Scroll            |       |     2 ||     2
       Potion            |       |     5 ||     5
 Stab: Sleeping          |     9 |     4 ||    13
Armor: Skin              |     4 |     7 ||    11
Dodge: Dodged            |    28 |    43 ||    71
